 Dungeon Crawl Stone Soup version 0.29.1-2-gbd0b4ee654 (webtiles) character file.

Game seed: 3688491387400134866

421 GigaChad the Chopper (level 6, -10/55 HPs)
             Began as a Minotaur Fighter on Nov 21, 2022.
             Was a Believer of Qazlal.
             Killed from afar by Dowan (17 damage)
             ... with a stone arrow
             ... on level 4 of the Dungeon.
             The game lasted 00:04:42 (3570 turns).

GigaChad the Chopper (Minotaur Fighter)             Turns: 3570, Time: 00:04:43

Health: -10/55     AC:  7    Str: 23    XL:     6   Next: 62%
Magic:  5/5        EV: 10    Int:  5    God:    Qazlal [**....]
Gold:   221        SH:  8    Dex:  9    Spells: 5/5 levels left

rFire   . . .      SeeInvis .   a - +0 war axe
rCold   . . .      Faith    .   c - +0 buckler
rNeg    . . .      Spirit   .   b - +0 scale mail
rPois   .          Reflect  .   (helmet restricted)
rElec   .          Harm     .   (no cloak)
rCorr   .          Rampage  .   (no gloves)
Will    .....                   (no boots)
Stlth   ..........              (no amulet)
HPRegen 0.18/turn               (no ring)
MPRegen 0.09/turn               (no ring)

@: no status effects
A: horns 2, retaliatory headbutt
a: Renounce Religion, Upheaval


You were on level 4 of the Dungeon.
You worshipped Qazlal.
Qazlal was pleased with you.
You visited 1 branch of the dungeon, and saw 4 of its levels.
You also visited: Sewer.

You collected 221 gold pieces.

Inventory:

Hand Weapons
 a - a +0 war axe (weapon)
Armour
 b - a +0 scale mail (worn)
 c - a +0 buckler (worn)
Jewellery
 f - an amulet of the acrobat
 l - an amulet of regeneration
Wands
 r - a wand of charming (24)
Scrolls
 h - 2 scrolls of teleportation {unknown}
 i - a scroll of identify {unknown}
 n - a scroll of butterflies {unknown}
 o - a scroll of enchant weapon {unknown}
Potions
 d - a potion of might
 e - 4 potions of heal wounds {unknown}
 g - 4 potions of invisibility {unknown}
 j - a potion of flight {unknown}
 k - a potion of berserk rage {unknown}
 m - a potion of magic {unknown}
 p - a potion of lignification {unknown}
 q - a potion of experience {unknown}


   Skills:
 * Level 4.9 Fighting
 * Level 6.2 Axes
 + Level 4.9 Armour
 + Level 1.5 Dodging
 + Level 0.3 Stealth
 + Level 4.5 Shields


You had 5 spell levels left.
You didn't know any spells.
Your spell library contained the following spells:

 Spells                   Type           Power      Damage    Failure   Level
 Summon Small Mammal      Summ           0%         N/A       86%         1
 Ensorcelled Hibernation  Hex/Ice        0%         N/A       94%         2
 Passwall                 Tmut/Erth      0%         N/A       94%         2
 Call Canine Familiar     Summ           0%         N/A       99%         3
 Summon Guardian Golem    Hex/Summ       0%         N/A       99%         3
 Swiftness                Air            0%         N/A       99%         3


Dungeon Overview and Level Annotations

Branches:
Dungeon (4/15)              Sewer (visited)
 Temple: D:4-7

Altars:
Ashenzari
Cheibriados
Nemelex Xobeh
Qazlal
Ru
Sif Muna
Xom
Yredelemnul

Annotations:
D:4 Dowan


Innate Abilities, Weirdness & Mutations

You have a pair of horns on your head.
You reflexively headbutt those who attack you in melee.


Message History

Qazlal accepts your kill.
Dowan screams, "No!
No!"
Dowan seems to find hidden reserves of power!
Dowan zaps a wand.
You block the puff of flame.
Your Axes skill increases to level 6!
You slash the endoplasm!
You kill the endoplasm!
Qazlal accepts your kill.
You hit Dowan.
Dowan zaps a wand.
The puff of flame misses you.
Dowan mumbles some strange words.
Dowan blinks!
The goblin closely misses you.
Dowan zaps a wand.
You hear a sizzling sound!
Things that are here:
a +0 short sword of protection; a +1 chain mail of poison resistance; the elf corpse of Duvessa You block the goblin's attack.
The goblin hits you but does no damage.
Dowan points at you and mumbles some strange words.
The shard of ice hits you!!
Ouch! That really hurt!
Things that are here:
a +0 short sword of protection; a +1 chain mail of poison resistance; the elf corpse of Duvessa You closely miss Dowan.
Dowan is lightly wounded.
You hit the goblin.
You kill the goblin!
Qazlal accepts your kill.
An ufetubus comes into view.
You block Dowan's attack.
Dowan zaps a wand.
The puff of flame hits you.
* * * LOW HITPOINT WARNING * * *
You closely miss Dowan. You headbutt Dowan.
Dowan is moderately wounded.
Dowan zaps a wand.
The puff of flame hits you!
* * * LOW HITPOINT WARNING * * *
Dowan zaps a wand.
The puff of flame misses you.
You closely miss Dowan. Your headbutt misses Dowan.
Dowan is moderately wounded.
Dowan gestures at you while chanting. The stone arrow hits you!
You die...

.... .. ..... #..
...# #... ###...
.##... #...#
....#. #..# #..
......##○####...
.!.##5e@...#...#
........).....##
#..............#$.
#.#...............
. ##..............
#..............
##..............
#..............
##.........#..


You could see Dowan (fast) and an ufetubus.

Vanquished Creatures
  Duvessa (D:4)
  A scorpion (D:4)
  Ijyb (D:3)
  An orc wizard (D:3)
  Robin (D:3)
  5 adders
  3 gnolls (D:3)
  2 river rats (Sewer)
  4 worms
  4 orcs (D:3)
  6 endoplasms
  7 giant cockroaches
  13 goblins
  6 hobgoblins
  3 jackals (D:2)
  5 quokkas
  6 ball pythons
  4 bats
  3 frilled lizards
  7 kobolds
  8 rats
91 creatures vanquished.

Notes
Turn   | Place    | Note
-------+----------+-------------------------------------------
     0 | D:1      | GigaChad the Minotaur Fighter began the quest for the Orb.
     0 | D:1      | Reached XP level 1. HP: 19/19 MP: 0/0
   345 | D:1      | Found a faded altar of an unknown god.
   347 | D:1      | Reached XP level 2. HP: 27/27 MP: 1/1
   354 | D:1      | Prayed at the altar of an unknown god.
   354 | D:1      | Became a worshipper of Qazlal Stormbringer
   354 | D:1      | Reached * piety under Qazlal
  1177 | D:2      | Found a sparkling altar of Nemelex Xobeh.
  1303 | D:2      | Reached skill level 3 in Axes
  1303 | D:2      | Reached XP level 3. HP: 30/33 MP: 2/2
  1940 | D:3      | Noticed Robin
  1961 | D:3      | Killed Robin
  1968 | D:3      | Reached XP level 4. HP: 33/40 MP: 3/3
  2120 | D:3      | Found a glowing drain.
  2139 | Sewer    | Entered a sewer
  2281 | Sewer    | Reached ** piety under Qazlal
  2282 | Sewer    | Reached skill level 4 in Axes
  2484 | Sewer    | Reached XP level 5. HP: 36/47 MP: 4/4
  2789 | D:3      | Reached skill level 5 in Axes
  3047 | D:3      | Noticed Ijyb
  3054 | D:3      | Killed Ijyb
  3199 | D:3      | Reached skill level 1 in Dodging
  3373 | D:3      | Found a snail-covered altar of Cheibriados.
  3376 | D:3      | Found a shimmering blue altar of Sif Muna.
  3384 | D:3      | Found a shimmering altar of Xom.
  3386 | D:3      | Found a basalt altar of Yredelemnul.
  3387 | D:3      | Found a sacrificial altar of Ru.
  3389 | D:3      | Found a broken altar of Ashenzari.
  3549 | D:4      | Reached XP level 6. HP: 45/53 MP: 5/5
  3556 | D:4      | Noticed Duvessa
  3557 | D:4      | Noticed Dowan
  3563 | D:4      | Killed Duvessa
  3564 | D:4      | Reached skill level 6 in Axes
  3570 | D:4      | Killed from afar by Dowan

Illustrated notes

Levels and vault maps discovered:
D:1:      dpeg_cavernosity, layout_loops_corners,
          ebering_ecumenical_altar_abandoned
D:2:      layout_loops_ring, basic_altar, minmay_distorted
D:3:      layout_loops_ring, minitemple, gup_sewer_entry_pipe, uniq_ijyb,
          uniq_robin
D:4:      layout_cave_pools, chequers_serial_rivers_micro_b,
          kennysheep_generic_room_14, uniq_duvessa

Skill      XL: |  1  2  3  4  5  6 |
---------------+-------------------+-----
Armour         | 4 |  4.9
Fighting       | 4 |  4.9
Axes           | 3 4 5 6 |  6.2
Shields        | 4 |  4.5
Dodging        | 1 |  1.5
Stealth        | |  0.3

Action                   |  1- 3 |  4- 6 || total
-------------------------+-------+-------++-------
Melee: War axe           |    82 |   164 ||   246
       Headbutt          |     9 |    25 ||    34
Armor: Scale mail        |    46 |    57 ||   103
Dodge: Dodged            |    53 |    51 ||   104
Block: Buckler           |    32 |    57 ||    89
